 Dungeon Crawl Stone Soup version 0.18-b1-22-ge198996 (webtiles) character file.

1125 Wooh the Protected (level 8, -2/49 HPs)
             Began as a Gargoyle Gladiator on May 4, 2016.
             Slain by a sixfirhy (3 damage)
             ... on level 1 of the Abyss.
             The game lasted 00:18:44 (6249 turns).

Wooh the Protected (Gargoyle Gladiator)             Turns: 6249, Time: 00:18:45

Health: -2/49      AC: 14    Str: 29    XL:     8   Next: 35%
Magic:  8/8        EV: 10    Int:  8    God:
Gold:   244        SH:  0    Dex: 15    Spells: 0 memorised, 7 levels left

rFire  + . .     SeeInvis .     H - +1 dagger "Ygalen" {freeze, Dex+4} (curse)
rCold  . . .     Gourm    .     B - +1 chain mail
rNeg   + . .     Faith    .     (no shield)
rPois  ∞         Spirit   .     E - -5 helmet of the Original Sin {Str+8}
rElec  +         Dismiss  .     (no cloak)
rCorr  .         Reflect  .     (no gloves)
SustAt .         Harm     .     (no boots)
MR     .....                    (no amulet)
Stlth  ..........               (no ring)
                                y - ring of protection from fire

@: not resistant to hostile enchantments, extremely unstealthy
A: negative energy resistance 1, sense surroundings 1, electricity resistance,
unbreathing, petrification resistance, rot immunity, AC +5
a: no special abilities


You were on level 1 of the Abyss.
You were hungry.

You visited 1 branch of the dungeon, and saw 5 of its levels.
You visited the Abyss 1 time.
You also visited: Sewer.

You collected 244 gold pieces.

Inventory:

Hand Weapons
 a - a +0 quarterstaff
 u - a +3 hunting sling
 H - the cursed +1 dagger "Ygalen" (weapon) {freeze, Dex+4}
   (You found it on level 4 of the Dungeon)

   It has been specially enchanted to freeze those struck by it, causing extra
   injury to most foes and up to half again as much damage against particularly
   susceptible opponents.
   It can also slow down cold-blooded creatures.
   It affects your dexterity (+4).
   It has a curse placed upon it.
Missiles
 h - 46 bolts
 k - 28 arrows
 v - 21 sling bullets
Armour
 b - a +0 leather armour
 c - a +0 helmet
 B - a +1 chain mail (worn)
 E - the -5 helmet of the Original Sin (worn) {Str+8}
   (You found it on level 4 of the Dungeon)

   It affects your strength (+8).
 I - a fire dragon hide
Rods
 m - a +1 rod of inaccuracy (9/9)
   (You found it on level 3 of the Dungeon)
Jewellery
 y - a ring of protection from fire (left hand)
 G - an uncursed amulet of magic regeneration
Wands
 n - a wand of random effects (19/48)
 C - a wand of teleportation (3/9)
Scrolls
 i - 3 scrolls of fog
 p - 2 scrolls of blinking
 r - a scroll of immolation
 A - a scroll of enchant armour
Potions
 e - 3 potions of flight {unknown}
 g - 2 potions of agility
 j - 4 potions of curing {unknown}
 l - a potion of lignification {unknown}
 o - a potion of degeneration {unknown}
 q - a potion of ambrosia {unknown}
 s - a potion of cure mutation {unknown}
 w - a potion of resistance {unknown}
 x - 2 potions of heal wounds
Comestibles
 f - 7 bread rations
 t - a beef jerky
 z - a meat ration
 D - 6 chunks of flesh
 F - 4 fruits


   Skills:
 + Level 5.0 Fighting
 - Level 3.0 Staves
 - Level 1.7 Throwing
 - Level 9.3 Armour
 - Level 2.4 Dodging


You had 7 spell levels left.
You didn't know any spells.

Dungeon Overview and Level Annotations

Branches:
Dungeon (5/15)
 Temple: D:4-7

Altars:
Ashenzari
Nemelex Xobeh
Ru
Xom


Innate Abilities, Weirdness & Mutations

You are resistant to torment.
Your stone body is resilient (AC +5).
You are immune to poison.
You resist negative energy.
You are resistant to electric shocks.
You can survive without breathing.
You are immune to petrification.
You are immune to rotting.
You passively map a small area around you.


Message History

You throw a throwing net. The throwing net misses the sixfirhy.
Throwing (i - inventory):
d - 2 throwing nets (quivered)
Press: ? - help, Shift-Dir - straight line, f/p - sixfirhy
Aim: a sixfirhy You throw a throwing net.
The throwing net barely misses the sixfirhy.
Throwing (i - inventory):
d - a throwing net (quivered)
Press: ? - help, Shift-Dir - straight line, f/p - sixfirhy
Aim: a sixfirhy You throw a throwing net.
The throwing net completely misses the sixfirhy.
The sixfirhy hits you!
* * * LOW HITPOINT WARNING * * *
The sixfirhy shocks you. You resist.
* * * LOW HITPOINT WARNING * * *
The sixfirhy hits you but does no damage.
The sixfirhy hits you.
* * * LOW HITPOINT WARNING * * *
The sixfirhy shocks you. You resist.
You die...

.# #. ..# ..##.. .
..#..# .
#..#.##### .# ##
#....#...##..# ..
#..#(.4@..#
#.#.##..###.......
# ..#.#.. ..#.#..
### #. ..#.#.## .#
#... ....###..
.4.#.......## #..
#....#.#..# #. ..
#.# ###..#..## .#
. ...###..##.


You could see a sixfirhy.

Vanquished Creatures
  Prince Ribbit (D:5)
  A big kobold (Sewer)
  2 scorpions
  A howler monkey (D:4)
  A crimson imp (D:5)
  2 hounds (D:4)
  A gnoll shaman (D:3)
  An iron imp (Abyss:1)
  Ijyb (D:3)
  An iguana (D:4)
  4 worker ants
  25 gnolls
  5 adders
  3 river rats
  An ooze (D:3)
  An adder skeleton (D:4)
  7 worms
  2 dart slugs
  2 giant geckos
  10 orcs
  4 bats
  5 giant cockroaches
  7 hobgoblins
  18 jackals
  7 kobolds
  A quokka (D:2)
  6 giant newts
  5 goblins
  12 rats
137 creatures vanquished.

Vanquished Creatures (others)
  3 plants (D:3)
3 creatures vanquished.

Grand Total: 140 creatures vanquished

Notes
Turn   | Place    | Note
--------------------------------------------------------------
     0 | D:1      | Wooh the Gargoyle Gladiator began the quest for the Orb.
     0 | D:1      | Reached XP level 1. HP: 12/12 MP: 1/1
    99 | D:1      | Reached skill level 1 in Armour
   185 | D:1      | Reached XP level 2. HP: 17/17 MP: 2/2
   288 | D:1      | Reached skill level 2 in Armour
  1048 | D:2      | Reached XP level 3. HP: 15/21 MP: 3/3
  1116 | D:2      | Found a sacrificial altar of Ru.
  1117 | D:2      | Found a shimmering altar of Xom.
  1120 | D:2      | Found a shattered altar of Ashenzari.
  1126 | D:2      | Found a sparkling altar of Nemelex Xobeh.
  1175 | D:2      | Reached skill level 3 in Armour
  1964 | D:3      | Reached XP level 4. HP: 26/26 MP: 4/4
  2076 | D:3      | Reached skill level 4 in Armour
  2401 | D:3      | Noticed Ijyb
  2414 | D:3      | Killed Ijyb
  2423 | D:3      | Reached XP level 5. HP: 25/30 MP: 5/5
  2428 | D:3      | Reached skill level 5 in Armour
  2719 | D:3      | Reached skill level 6 in Armour
  2719 | D:3      | Reached XP level 6. HP: 3/35 MP: 6/6
  3699 | D:4      | Got a heavily runed helmet
  3710 | D:4      | Identified the -5 helmet of the Original Sin {Str+8} (You found it on level 4 of the Dungeon)
  3729 | D:4      | Reached skill level 7 in Armour
  3809 | D:4      | Got an ancient dagger
  3810 | D:4      | Identified the cursed +1 dagger "Ygalen" {freeze, Dex+4} (You found it on level 4 of the Dungeon)
  3867 | D:4      | Found a glowing drain.
  3890 | Sewer    | Entered a sewer
  4229 | Sewer    | Reached XP level 7. HP: 40/40 MP: 7/7
  4277 | Sewer    | Found a white marble altar of Elyvilon.
  4718 | D:4      | You fall through a shaft!
  4718 | D:5      | Entered Level 5 of the Dungeon
  4742 | D:5      | Noticed Prince Ribbit
  4773 | D:5      | Killed Prince Ribbit
  4773 | D:5      | Reached skill level 8 in Armour
  5095 | D:5      | Reached skill level 9 in Armour
  5187 | D:5      | Gained mutation: You passively map a small area around you. [potion of beneficial mutation]
  5357 | D:5      | Reached XP level 8. HP: 39/45 MP: 8/8
  6181 | D:3      | Cast into level 1 of the Abyss (gnoll sergeant)
  6233 | Abyss:1  | Reached skill level 5 in Fighting
  6239 | Abyss:1  | Noticed a sixfirhy
  6249 | Abyss:1  | HP: 1/49 [sixfirhy (6)]
  6249 | Abyss:1  | Slain by a sixfirhy

Skill      XL: |  1  2  3  4  5  6  7  8 |
---------------+-------------------------+-----
Armour         | 1 2 3 4 6 7 9 |  9.3
Fighting       | 5 |  5.0
Staves         | |  3.0
Throwing       | |  1.7
Dodging        | |  2.4

Action                   |  1- 3 |  4- 6 |  7- 9 || total
-------------------------+-------+-------+-------++-------
Melee: Quarterstaff      |   123 |   239 |       ||   362
       Dagger            |       |    99 |   323 ||   422
Throw: Throwing net      |       |       |     8 ||     8
Evoke: Wand              |       |     3 |       ||     3
  Use: Scroll            |       |     7 |     3 ||    10
       Potion            |       |       |     1 ||     1
 Stab: Sleeping          |     1 |       |       ||     1
       Held in net/web   |       |       |     1 ||     1
  Eat: Chunk             |     3 |     8 |     7 ||    18
Armor: Leather armour    |    41 |    22 |       ||    63
       Chain mail        |       |   197 |   157 ||   354
Dodge: Dodged            |    75 |   179 |   144 ||   398
